 Dungeon Crawl Stone Soup version 0.31-a0-868-g674d60d6f7 (webtiles) character file.

Game seed: 5492378370419681194

7821 freelancePsychic the Fighter (level 11, 0/90 HPs)
             Began as a Demonspawn Wanderer on Oct 11, 2023.
             Was an Elder of Ashenzari.
             Slain by an ettin
             ... wielding a +0 dire flail
              (39 damage)
             ... on level 2 of the Orcish Mines.
             The game lasted 00:29:02 (13766 turns).

freelancePsychic the Fighter (Demonspawn Wanderer) Turns: 13766, Time: 00:29:02

Health: 0/90       AC:  6    Str: 15    XL:     11   Next: 1%
Magic:  12/20      EV: 13    Int: 20    God:    Ashenzari [****..]
Gold:   482        SH:  0    Dex: 10    Spells: 14/22 levels left

rFire   . . .        r - staff of the Bound Augur (curse) {Conj, Bglg, Melee} (curse)
rCold   . . .        D - orb of Ashenzari's Prison {*channel, Bglg, Alch} (curse)
rNeg    . . .        K - +0 steam dragon scales
rPois   .            q - +0 hat of the Ensconced Omen {Dev, Elem} (curse)
rElec   .            (no cloak)
rCorr   +            (no gloves)
SInv    +            b - +0 pair of boots "I Knew You'd Do That" {Range, Bglg} (curse)
Will    .....        j - amulet "Shackled Apathy" {RegenMP, Bglg, Cun} (curse)
Stlth   ++           e - ring of the Perceptive Sun {rCorr, Cun, Alch} (curse)
HPRegen 0.35/turn    (no ring)
MPRegen 0.57/turn

%: clarity, channel magic (20%)
@: radiating poison
A: claws 2, demonic guardian 1, foul stench 2, big brain 1
a: Renounce Religion, Curse Item, Shatter the Chains


You were on level 2 of the Orcish Mines.
You worshipped Ashenzari.
Ashenzari was greatly pleased with you.
You visited 2 branches of the dungeon, and saw 11 of its levels.
You also visited: Sewer and Ossuary.

You collected 762 gold pieces.
You spent 280 gold pieces at shops.

Inventory:

Hand Weapons
 a - a +0 mace
 h - a +1 short sword of protection
Armour
 b - the cursed +0 pair of boots "I Knew You'd Do That" (worn) {Range, Bglg}

   It has a curse which improves the following skills: Ranged Combat: Ranged
   Weapons and Throwing.
   Beguiling: Conjurations, Hexes and Translocations.
 d - a +0 robe
 q - the cursed +0 hat of the Ensconced Omen (worn) {Dev, Elem}
   (You found it on level 5 of the Dungeon)

   It has a curse which improves the following skills: Devices: Evocations and
   Shapeshifting.
   Elements:  Fire Magic, Ice Magic, Air Magic and Earth Magic.
 D - the cursed orb of Ashenzari's Prison (worn) {*channel, Bglg, Alch}
   (You took it off Jeremiah on level 6 of the Dungeon)

   It has a curse which improves the following skills: Beguiling: Conjurations,
   Hexes and Translocations.
   Alchemy:   Poison Magic and Transmutations.
 K - +0 steam dragon scales (worn)
Magical Staves
 r - the cursed staff of the Bound Augur (weapon) {Conj, Bglg, Melee}
   (You acquired it on level 5 of the Dungeon)

   [staff of conjuration]

   Base accuracy: +5 Base damage: 5 Base attack delay: 1.2 This weapon's minimum
   attack delay (0.6) is reached at skill level 12.
   Conj:      It increases the power of your Conjurations spells.
   It falls into the 'Staves' category.
   It is a one-handed weapon.
   It has a curse which improves the following skills: Beguiling: Conjurations,
   Hexes and Translocations.
   Melee Combat: Short Blades, Long Blades, Axes, Maces & Flails, Polearms,
   Staves and Unarmed Combat.
Jewellery
 e - the cursed ring of the Perceptive Sun (left claw) {rCorr, Cun, Alch}
   (You found it on level 1 of the Dungeon)

   [ring of resist corrosion]

   rCorr:     It protects you from acid and corrosion.
   It has a curse which improves the following skills: Cunning: Dodging and
   Stealth.
   Alchemy:   Poison Magic and Transmutations.
 j - the cursed amulet "Shackled Apathy" (around neck) {RegenMP, Bglg, Cun}
   (You found it on level 1 of the Dungeon)

   [amulet of magic regeneration]

   RegenMP:   It increases your rate of magic regeneration.
   It has a curse which improves the following skills: Beguiling: Conjurations,
   Hexes and Translocations.
   Cunning:   Dodging and Stealth.
Wands
 x - a wand of flame (6)
 C - a wand of polymorph (5)
 F - a wand of paralysis (11)
 G - a wand of roots (16)
Scrolls
 c - 3 scrolls of vulnerability
 f - 13 scrolls of teleportation {@r4}
 i - 3 scrolls of amnesia
 p - 3 scrolls of enchant weapon
 s - a scroll of enchant armour
 t - 12 scrolls of identify {@r1}
 u - 2 scrolls of immolation
 y - 2 scrolls of blinking
 A - 2 scrolls of revelation
 B - a scroll of poison
 E - 2 scrolls of fog
 H - a scroll of torment
 J - a scroll of silence
 L - a scroll of fear
Potions
 g - 2 potions of lignification
 k - 3 potions of heal wounds {@q2}
 l - 6 potions of enlightenment
 m - 2 potions of ambrosia
 n - 2 potions of might
 o - a potion of brilliance
 v - 6 potions of curing {@q1}
 w - 2 potions of attraction
 z - a potion of mutation
 I - a potion of cancellation


   Skills:
 + Level 10.1 Fighting
 - Level 2.0(3.3) Short Blades
 - Level 1.8(4.2) Maces & Flails
 + Level 4.3(6.2) Staves
 - Level 3.3(5.7) Dodging
 - Level 1.0(2.5) Stealth
 - Level 6.0 Spellcasting
 + Level 7.1(11.4) Conjurations
 - Level 2.1(3.5) Air Magic
 - Level 7.2(10.0) Poison Magic
 - Level 1.0(2.1) Evocations


You had 14 spell levels left.
You knew the following spells:

 Your Spells              Type           Power      Damage    Failure   Level
a - Shock                 Conj/Air       100%       1d9       3%          1
b - Mephitic Cloud        Conj/Pois/Air  56%        N/A       5%          3
d - Olgreb's Toxic Radia  Pois           46%        N/A       7%          4

Your spell library contained the following spells:

 Spells                   Type           Power      Damage    Failure   Level
 Poisonous Vapours        Pois/Air       66%        N/A       5%          2
 Sting                    Tmut/Pois      100%       1d8       6%          1
 Swiftness                Air            20%        N/A       21%         3
 Wereblood                Tmut           7%         N/A       32%         2
 Sublimation of Blood     Necr           6%         N/A       34%         2
 Summon Hydra             Summ           3%         N/A       100%        7


Dungeon Overview and Level Annotations

Branches:
Dungeon (9/15)             Temple (0/1) D:4             Orc (2/2) D:9
  Sewer (visited)         Ossuary (visited)
   Lair: D:8-11         Elf: Orc:2

Altars:
Ashenzari
Cheibriados
Fedhas
Gozag
Xom

Shops:
D:3 :   D:7 :(:(   Orc:2 [

Annotations:
D:2 1 runed translucent door, Crazy Yiuf
Orc:2 exclusion: door


Innate Abilities, Weirdness & Mutations

You have very sharp fingernails.
A weak demonic guardian rushes to your aid.
You sometimes emit foul miasma when damaged in melee.
You have an unusually large brain. (Int +2)


Message History

Things that are here:
a +0 dagger; a +0 robe; an orc corpse
Casting: Mephitic Cloud (mildly dangerous; 5% risk of failure)
Confirm with . or Enter, or press ? or * to list all spells.
Aiming: Mephitic Cloud (mildly dangerous; 5% risk of failure)
Press: ? - help, Shift-Dir - straight line, f/p - ogre
Aim: an ogre, wielding a +0 giant club (heavily wounded, confused, very poisoned, chance to affect: 77%)
You feel a surge of power!
The ball explodes into a vile cloud!
The stinking cloud engulfs the ogre but does no damage.
The ogre is heavily wounded.
The stinking cloud engulfs the ettin but does no damage.
The ettin is heavily wounded.
You hear a shout! x2
The ogre is engulfed in noxious fumes.
The ogre appears confused.
Casting: Mephitic Cloud (mildly dangerous; 5% risk of failure)
Confirm with . or Enter, or press ? or * to list all spells.
Aiming: Mephitic Cloud (mildly dangerous; 5% risk of failure)
Press: ? - help, Shift-Dir - straight line, f/p - ogre
Aim: an ogre, wielding a +0 giant club (noxious fumes, heavily wounded, confused, poisoned, chance to affect: 77%)
You feel a surge of power!
The ball explodes into a vile cloud!
The stinking cloud engulfs the ettin but does no damage.
The ettin is heavily wounded.
The stinking cloud engulfs you but does no damage.
Magical energy flows into your mind!
You hear a shout!
The ettin is engulfed in noxious fumes.
The ettin hits you with a +0 dire flail.
The ettin hits you with a +0 dire flail!!
The ogre is engulfed in noxious fumes.
The ogre appears confused.
The ettin looks more healthy.
The ettin is engulfed in noxious fumes.
The ogre is engulfed in noxious fumes.
Okay, then.
Casting: Mephitic Cloud (mildly dangerous; 5% risk of failure)
Confirm with . or Enter, or press ? or * to list all spells.
You begin to radiate toxic energy.
The ettin is poisoned.
The ogre looks even sicker.
The ettin looks even sicker.
The ogre looks even sicker.
The ettin is engulfed in noxious fumes.
The ettin hits you with a +0 dire flail!
The ettin hits you with a +0 dire flail!!!
You die...

*,,*#)....#.........#,,,*
***,##....##.......#*,,,*
*##.##.###.......##+#****
## #.#####.........##.#,,∩*
.####..##...........#.+{,{*
..##..###...........#.#{,,*
.....###......###)###.#*###
..)).#........#..☼☼.#.#...#
..))#)........#.@C☼○#.'o..#
...).....)....#..○.☼'§#..∩#
##..).)..<....#..)..#O#*###
.###..........#.....#...,,*
..###........########+###,*
...####......** *,,,{,*,*
)...######,,,,* *,{{,{+,*
......#.##***,* *,,{,,*,*
.........## *,*******+***,*


You could see an ettin (very poisoned) and an ogre (confused, very poisoned).

Vanquished Creatures
  2 orc sorcerers
  Pikel (D:5)
  Jeremiah (D:6)
  A troll (D:9)
  Prince Ribbit (D:4)
  A wyvern (D:7)
  2 steam dragons
  Menkaure (Ossuary)
  A water moccasin (D:7)
  13 orc warriors
  2 sky beasts
  2 ice beasts
  5 ogres
  2 centaurs
  4 lemures
  A phantom (D:6)
  4 kobold brigands
  A bullfrog (D:8)
  3 elf skeletons (D:8)
  4 scorpions
  3 wights (D:7)
  6 killer bees (D:7)
  4 howler monkeys
  3 hounds
  3 jellies
  A gnoll bouda (D:9)
  11 orc priests
  2 human skeletons (D:8)
  A sleepcap (D:5)
  5 iguanas
  8 orc wizards
  3 mummies (Ossuary)
  13 gnolls
  11 adders
  5 river rats (Sewer)
  A shadow imp (D:5)
  A white imp (D:5)
  An ufetubus (D:6)
  3 worms
  4 dart slugs
  80 orcs
  6 endoplasms
  A giant cockroach (Sewer)
  5 gnoll zombies (Ossuary)
  4 goblins
  11 hobgoblins
  11 jackals
  6 quokkas
  12 ball pythons
  14 bats
  8 frilled lizards
  4 gnoll skeletons (Ossuary)
  A goblin skeleton (Ossuary)
  5 goblin zombies (Ossuary)
  4 hobgoblin skeletons (Ossuary)
  3 hobgoblin zombies (Ossuary)
  21 kobolds
  4 kobold skeletons (Ossuary)
  3 kobold zombies (Ossuary)
  4 orc skeletons (Ossuary)
  7 orc zombies
  6 rats
  8 rat skeletons (Ossuary)
  3 rat zombies (Ossuary)
372 creatures vanquished.

Vanquished Creatures (collateral kills)
  A troll (Orc:1)
1 creature vanquished.

Vanquished Creatures (others)
  An orc wizard (D:5)
1 creature vanquished.

Grand Total: 374 creatures vanquished

Notes
Turn   | Place    | Note
-------+----------+-------------------------------------------
     0 | D:1      | freelancePsychic the Demonspawn Wanderer began the quest
                  | for the Orb.
     0 | D:1      | freelancePsychic set off with the following items: a +0
                  | mace, a +0 pair of boots, a scroll of vulnerability, a +0
                  | robe; and the following spell memorised: Shock; and the
                  | following spells available to memorise: Swiftness, Mephitic
                  | Cloud.
     0 | D:1      | Reached XP level 1. HP: 15/15 MP: 2/2
   281 | D:1      | Gained mutation: You have sharp fingernails. [demonic
                  | ancestry]
   281 | D:1      | Reached XP level 2. HP: 18/21 MP: 0/3
   886 | D:1      | You fall into a shaft and drop 1 floor!
   917 | D:2      | Reached skill level 1 in Short Blades
   920 | D:2      | Reached skill level 2 in Fighting
   920 | D:2      | Reached XP level 3. HP: 24/27 MP: 1/4
  1040 | D:2      | Reached skill level 1 in Conjurations
  1133 | D:2      | Reached XP level 4. HP: 34/34 MP: 1/5
  1279 | D:2      | Found a broken altar of Ashenzari.
  1449 | D:2      | Found a runed translucent door.
  1450 | D:2      | Noticed Crazy Yiuf
  1577 | D:2      | Found a faded altar of an unknown god.
  1749 | D:2      | Became a worshipper of Ashenzari the Shackled
  1881 | D:3      | Found Puepti's Book Emporium.
  2443 | D:3      | Reached XP level 5. HP: 40/40 MP: 5/7
  2682 | D:3      | Reached skill level 3 in Fighting
  2952 | D:3      | Found a large runed translucent door.
  2953 | D:3      | Found a large runed translucent door.
  3187 | D:3      | Found a shimmering altar of Xom.
  3196 | D:3      | Found a snail-covered altar of Cheibriados.
  3279 | D:4      | Found a staircase to the Ecumenical Temple.
  3386 | D:4      | Reached * piety under Ashenzari
  3580 | D:4      | Reached skill level 1 in Poison Magic
  3628 | D:4      | Gained mutation: You may rarely emit foul miasma when
                  | damaged in melee. [demonic ancestry]
  3628 | D:4      | Reached XP level 6. HP: 23/47 MP: 5/9
  4098 | D:4      | Reached ** piety under Ashenzari
  4325 | D:5      | Entered Level 5 of the Dungeon
  4678 | D:5      | Identified a scroll of acquirement
  4687 | D:5      | Acquired a staff of conjuration
  4728 | D:5      | Reached skill level 4 in Fighting
  4728 | D:5      | Gained mutation: You sometimes emit foul miasma when
                  | damaged in melee. [demonic ancestry]
  4728 | D:5      | Reached XP level 7. HP: 44/54 MP: 6/11
  4969 | D:5      | Noticed Prince Ribbit
  5558 | D:3      | Bought a Young Poisoner's Handbook for 280 gold pieces
  5563 | D:3      | Learned a level 4 spell: Olgreb's Toxic Radiance
  5705 | D:5      | Learned a level 3 spell: Mephitic Cloud
  5724 | D:5      | Noticed Pikel
  6193 | D:5      | Killed Pikel
  6194 | D:5      | Reached skill level 5 in Fighting
  6194 | D:5      | Reached skill level 5 in Poison Magic
  6194 | D:5      | Gained mutation: You have an unusually large brain. (Int
                  | +2) [demonic ancestry]
  6194 | D:5      | Reached XP level 8. HP: 21/62 MP: 1/12
  6772 | D:4      | Killed Prince Ribbit
  6849 | D:4      | Found a staircase to the Ecumenical Temple.
  7100 | D:6      | Found a blossoming altar of Fedhas.
  7167 | D:6      | Reached skill level 6 in Fighting
  7273 | D:6      | Found a glowing drain.
  7291 | Sewer    | Entered a sewer
  8099 | D:6      | Reached *** piety under Ashenzari
  8253 | D:6      | Gained mutation: You have very sharp fingernails. [demonic
                  | ancestry]
  8253 | D:6      | Reached XP level 9. HP: 71/71 MP: 6/15
  8536 | D:6      | Noticed Jeremiah
  8554 | D:6      | Killed Jeremiah
  8555 | D:6      | Reached skill level 7 in Fighting
  8555 | D:6      | Reached skill level 5 in Conjurations
  8865 | D:7      | Found an opulent altar of Gozag.
  9087 | D:7      | Reached **** piety under Ashenzari
  9298 | D:7      | Found Doteleydgh's Weapon Shoppe.
  9313 | D:7      | Found Enedisa's Book Shoppe.
  9480 | D:7      | Reached skill level 5 in Spellcasting
  9513 | D:7      | Found Ulamim's Weapon Shoppe.
  9526 | D:7      | Reached skill level 8 in Fighting
  9651 | D:7      | Found Eser's Book Shop.
 10131 | D:8      | Found a sand-covered staircase.
 10265 | Ossuary  | Entered an ossuary
 10657 | Ossuary  | Noticed Menkaure
 10663 | Ossuary  | Killed Menkaure
 11005 | D:8      | Gained mutation: A weak demonic guardian rushes to your
                  | aid. [demonic ancestry]
 11005 | D:8      | Reached XP level 10. HP: 59/82 MP: 14/18
 12183 | D:9      | Reached skill level 1 in Staves
 12205 | D:9      | Found a staircase to the Orcish Mines.
 12424 | D:9      | Reached skill level 9 in Fighting
 12987 | Orc:1    | Entered Level 1 of the Orcish Mines
 12987 | Orc:1    | Noticed an orc sorcerer
 12996 | Orc:1    | Killed an orc sorcerer
 13149 | Orc:2    | Entered Level 2 of the Orcish Mines
 13698 | Orc:2    | Noticed an orc sorcerer
 13705 | Orc:2    | Killed an orc sorcerer
 13706 | Orc:2    | Reached skill level 10 in Fighting
 13706 | Orc:2    | Reached XP level 11. HP: 77/90 MP: 12/20
 13755 | Orc:2    | Found Oqickoki's Armour Boutique.
 13755 | Orc:2    | Noticed an ettin
 13755 | Orc:2    | Noticed an orc knight
 13766 | Orc:2    | Slain by an ettin

Illustrated notes

Levels and vault maps discovered:
D:1:      saegor_arrival_simple_a, layout_basic
D:2:      layout_rooms, basic_altar, nicolae_ecumenical_oubliette,
          uniq_crazy_yiuf_cottage
D:3:      layout_basic, jmf_multi_god_temple2, serial_shops, shop,
          solitary_fountain
D:4:      layout_gridville, minmay_temple_entry_sparse_star
D:5:      layout_cave_pods, hangedman_decor_opposing, uniq_prince_ribbit1,
          uniq_pikel
D:6:      layout_cave_pools, mainiacjoe_overflow_cross_hatched,
          cheibrodos_sewer_entry_bend, kennysheep_small_square, uniq_jeremiah
D:7:      layout_basic, lemuel_doored_altar, serial_shops, shop,
          nicolae_stop_n_shop_1, shop, nicolae_shop_tiny_statue_garden
D:8:      layout_loops_ring, special_room [special_room_orc],
          nicolae_ossuary_entry_catacombs
D:9:      layout_roguey, orc_0_dummy
Orc:1:    layout_caves, nicolae_orc_rockfall
Orc:2:    pubby_orc_utopia

Skill      XL: |  1  2  3  4  5  6  7  8  9 10 |
---------------+-------------------------------+-----
Air Magic      | 2 |  2.1
Short Blades   | 1 2 |  2.0
Fighting       | 2 3 4 5 6 8 10 | 10.1
Conjurations   | 1 2 4 5 7 |  7.1
Spellcasting   | 2 3 4 5 6 |  6.0
Poison Magic   | 1 3 5 7 |  7.2
Dodging        | 2 3 |  3.3
Staves         | 4 |  4.3
Maces & Flails | |  1.8
Stealth        | |  1.0
Evocations     | |  1.0

Action                     |  1- 3 |  4- 6 |  7- 9 | 10-12 || total
---------------------------+-------+-------+-------+-------++-------
  Melee: Short sword       |    25 |    96 |       |       ||   121
         Mace              |     5 |       |       |       ||     5
         Staff             |       |       |    80 |    24 ||   104
         Punch             |       |       |     2 |       ||     2
   Cast: Shock             |    52 |   216 |   297 |    45 ||   610
         Mephitic Cloud    |       |       |    12 |    16 ||    28
         Olgreb's Toxic Ra |       |       |    61 |    54 ||   115
 Invoke: Curse Item        |       |     3 |     3 |       ||     6
  Evoke: Wand              |       |       |    11 |       ||    11
    Use: Potion            |       |     6 |       |       ||     6
         Scroll            |       |     1 |     1 |       ||     2
   Stab: Sleeping          |       |     1 |     2 |       ||     3
         Confused          |       |       |     1 |     3 ||     4
 Armour: Robe              |    13 |   120 |   118 |     6 ||   257
         Steam dragon scal |       |       |       |    43 ||    43
  Dodge: Dodged            |    24 |    87 |    68 |    42 ||   221

Table legend: (Time is in decaauts)
 A = Elapsed time spent in this place.
 B = Non-inter-level travel time spent in this place.
 C = Inter-level travel time spent in this place.
 D = Time resting spent in this place.
 E = Time spent auto-exploring this place.
 F = Levels seen in this place.
 G = Mean time per level.
                   A        B        C        D        E       F      G
               +--------+--------+--------+--------+--------+-----+--------+
         Total |  13960 |  13212 |    748 |   1076 |   9886 |  13 | 1073.8 |
       Dungeon |  11756 |  11017 |    739 |    960 |   8289 |   9 | 1306.2 |
  Orcish Mines |    778 |    770 |      8 |    116 |    475 |   2 |  389.0 |
         Sewer |    865 |    865 |      0 |      0 |    738 |   1 |  865.0 |
       Ossuary |    558 |    558 |      0 |      0 |    384 |   1 |  558.0 |
               +--------+--------+--------+--------+--------+-----+--------+

Top non-repeatable levels by time:
     D:4: 1943 daAuts
     D:5: 1902 daAuts
     D:8: 1505 daAuts
     D:2: 1377 daAuts
     D:7: 1319 daAuts
     D:3: 1039 daAuts
     D:6: 921 daAuts
     D:1: 887 daAuts
   Sewer: 865 daAuts
     D:9: 859 daAuts
 Ossuary: 558 daAuts
   Orc:2: 497 daAuts
   Orc:1: 281 daAuts
